 Dungeon Sprint DCSS version 0.20.1-1-g8b1a95d (console) character file.

54 hilaritas the Shield-Bearer (level 4, -1/49 HPs)
             Began as a Troll Fighter on Nov 19, 2017.
             Was a Follower of Uskayaw.
             Slain by a merfolk
             ... wielding a +0 trident
              (10 damage)
             ... in the Dungeon (Sprint VI: "Thunderdome").
             The game lasted 00:04:16 (356 turns).

hilaritas the Shield-Bearer (Troll Fighter)          Turns: 356, Time: 00:04:17

Health: -1/49      AC: 12    Str: 34    XL:     4   Next: 92%
Magic:  5/5        EV:  8    Int:  7    God:    Uskayaw [*.....]
Gold:   40         SH: 10    Dex:  9    Spells: 3/3 levels left

rFire    . . .     SeeInvis +     - Unarmed
rCold    . . .     Gourm    +   c - +0 shield
rNeg     . . .     Faith    .   s - +0 troll leather armour {Purgy}
rPois    +         Spirit   .   (helmet restricted)
rElec    .         Reflect  .   (no cloak)
rCorr    .         Harm     .   (gloves unavailable)
MR       .....     NoTele   +   (boots unavailable)
Stlth    ..........             (no amulet)
Regen    1.0/turn               p - ring "Gathoh" {+Blink rPois Str+2 Int+3}
MPRegen  0.1/turn               b - ring "Nytim" {AC+5 Str+7 SInv Stlth-}

@: no status effects
A: unfitting armour, claws 3, fast metabolism 3, gourmand, regeneration 1,
shaggy fur 1, tough skin 2
a: Stomp, Renounce Religion, Evoke Blink


You were in the Dungeon.
You worshipped Uskayaw.
Uskayaw was noncommittal.
You were full.

You visited 1 branch You collected 280 gold pieces.
You spent 240 gold pieces at shops.

Inventory:

Hand Weapons
 a - a +0 flail
Armour
 c - a +0 shield (worn)
 s - a +0 troll leather armour (worn) {Purgy}
Jewellery
 b - the ring "Nytim" (right claw) {AC+5 Str+7 SInv Stlth-}
   (You bought it in a shop in the Dungeon)

   [ring of protection]

   It affects your AC (+5).
   It affects your strength (+7).
   It lets you see invisible.
   It makes you less stealthy.
 p - the ring "Gathoh" (left claw) {+Blink rPois Str+2 Int+3}
   (You bought it in a shop in the Dungeon)

   [ring of strength]

   It affects your strength (+2).
   It affects your intelligence (+3).
   It protects you from poison.
   It lets you blink.
Wands
 m - a wand of acid (5/15)
 n - a wand of iceblast (5/15)
Scrolls
 k - 4 scrolls of blinking
 o - 3 scrolls of fog
 q - a scroll of identify
Potions
 d - a potion of might
 e - a potion of curing
 g - 4 potions of heal wounds
 h - 4 potions of haste
 i - 2 potions of magic
 j - a potion of berserk rage
 l - a potion of resistance
Comestibles
 f - 2 bread rations


   Skills:
 + Level 4.7 Fighting
 - Level 1.7 Maces & Flails
 - Level 2.4 Dodging
 + Level 5.0 Shields
 * Level 4.5 Unarmed Combat
 * Level 3.9 Invocations


You had 3 spell levels left.
You didn't know any spells.

Dungeon Overview and Level Annotations

Branches:
Dungeon (1/1)

Altars:
Cheibriados
Dithmenos
Fedhas
Gozag
Kikubaaqudgha
Makhleb
Okawaru
Qazlal
Ru
Sif Muna
Trog
Uskayaw
Vehumet
Xom
Yredelemnul
Zin
The Shining One
Beogh
Jiyva
Lugonu

Shops:
D *[%??*?*:[((!!!!


Innate Abilities, Weirdness & Mutations

You are too large for most types of armour.
You have claws for hands.
Your metabolism is lightning-fast.
You like to eat raw meat.
Your natural rate of healing is unusually fast.
You are covered in fur. (AC +1)
You have very tough skin. (AC +2)


Message History

You scratch the merfolk but do no damage.
The merfolk is lightly wounded.
You block the merfolk's attack.
You closely miss the merfolk.
The merfolk is lightly wounded.
You block the merfolk's attack.
You barely miss the merfolk.
The merfolk is lightly wounded.
The merfolk barely misses you.
You barely miss the merfolk.
The merfolk is lightly wounded.
The merfolk hits you with a trident.
You closely miss the merfolk.
The merfolk is lightly wounded.
The merfolk hits you with a trident!
* * * LOW HITPOINT WARNING * * *
You closely miss the merfolk.
The merfolk is lightly wounded.
The merfolk hits you with a trident!
You die...

#∩.......∩# #_......._#
#_......._# #_......._#
###.........###
#⌠...........⌠#
######.8.........8.#####
##∩__.......###......._.∩
###∩........8.# #.8........
##.............###[.........
#⌠.........@###...###.......
#⌠........m.# #.<.# #.......
#⌠..........###...###.......
##.............###..........
###∩........8.# #.8........
##∩.__......###......___∩
######.8.........8.#####
#⌠...........⌠#
###.........### #_......._#
#_......._#


You could see a merfolk.

Vanquished Creatures
  Purgy (D)
  A hell rat (D)
  An adder (D)
  A bat (D)
  A giant cockroach (D)
  4 quokkas (D)
  A frilled lizard (D)
  A rat (D)
11 creatures vanquished.

Notes
Turn   | Place    | Note
-------+----------+-------------------------------------------
     0 | D        | hilaritas the Troll Fighter began the quest for the Orb.
     0 | D        | Reached XP level 1. HP: 22/22 MP: 0/0
     2 | D        | Found a bloodstained altar of Trog.
     3 | D        | Found a blossoming altar of Fedhas.
     3 | D        | Found a deep blue altar of Sif Muna.
     6 | D        | Round 1.
     7 | D        | Found an iron altar of Okawaru.
     7 | D        | Found a sacrificial altar of Ru.
     8 | D        | Found a basalt altar of Yredelemnul.
     8 | D        | Found an ancient bone altar of Kikubaaqudgha.
     9 | D        | Found a corrupted altar of Lugonu.
    10 | D        | Found Nivic's Do-It-Yourself Clinic.
    10 | D        | Found Vuhuniro's Distillery.
    11 | D        | Found a snail-covered altar of Cheibriados.
    12 | D        | Found a burning altar of Makhleb.
    12 | D        | Found a roughly hewn altar of Beogh.
    12 | D        | Found a glowing silver altar of Zin.
    12 | D        | Found Panworch's Weapon Rack.
    12 | D        | Found Xogip's Premium Goods.
    13 | D        | Found Ofikluots's Basic Armour.
    13 | D        | Found Tonesch's Miscellaneous Merchandise.
    16 | D        | Found a shadowy altar of Dithmenos.
    17 | D        | Found a radiant altar of Vehumet.
    19 | D        | Found Lopookk's Identification Station.
    20 | D        | Found Nuwaur's Advanced Armour.
    20 | D        | Found Zuxzuntaoh's Jewellery.
    20 | D        | Found an opulent altar of Gozag.
    20 | D        | Found a glowing golden altar of the Shining One.
    20 | D        | Found Toeduq's Bee Food.
    24 | D        | Found a shimmering altar of Xom.
    25 | D        | Found a viscous altar of Jiyva.
    26 | D        | Found a stormy altar of Qazlal.
    27 | D        | Found Aschas's Magic Scroll Shop.
    28 | D        | Found a hide-covered altar of Uskayaw.
    28 | D        | Found Aqunem's Staff Store.
    28 | D        | Found Pareal's Magic Scroll Shop.
    28 | D        | Found Hiwnauwaets's Must-Have Magic.
    38 | D        | Became a worshipper of Uskayaw the Reveler
    70 | D        | Bought a wavering turquoise ring for 45 gold pieces
    77 | D        | Bought 3 scrolls of identify for 150 gold pieces
    77 | D        | Identified the ring "Gathoh" {+Blink rPois Str+2 Int+3} (You bought it in a shop in the Dungeon)
   103 | D        | Found Cesmejoh's Bottled Wisdom.
   104 | D        | Found Mefenl Moerch's Distillery.
   135 | D        | Reached skill level 3 in Shields
   135 | D        | Reached skill level 1 in Unarmed Combat
   135 | D        | Reached skill level 1 in Invocations
   135 | D        | Reached XP level 2. HP: 26/31 MP: 1/1
   135 | D        | Reached * piety under Uskayaw
   150 | D        | Arena points: 12 (+12) [x2]
   210 | D        | Round 2.
   222 | D        | Noticed Purgy
   230 | D        | Reached ** piety under Uskayaw
   232 | D        | Reached *** piety under Uskayaw
   235 | D        | Killed Purgy
   235 | D        | Reached skill level 4 in Shields
   235 | D        | Reached XP level 3. HP: 25/40 MP: 2/4
   235 | D        | Reached XP level 4. HP: 31/49 MP: 2/5
   235 | D        | Reached **** piety under Uskayaw
   244 | D        | Reached ***** piety under Uskayaw
   247 | D        | Reached skill level 5 in Shields
   251 | D        | Arena points: 54 (+42) [x3]
   285 | D        | Bought a slimy glass ring for 45 gold pieces
   285 | D        | Identified the ring "Nytim" {AC+5 Str+7 SInv Stlth-} (You bought it in a shop in the Dungeon)
   296 | D        | Round 3.
   346 | D        | Noticed a merfolk
   356 | D        | Slain by a merfolk

Skill      XL: |  1  2  3  4 |
---------------+-------------+-----
Fighting       | 3 4 |  4.7
Shields        | 3 4 5 |  5.0
Unarmed Combat | 1 4 |  4.5
Invocations    | 1 3 |  3.9
Maces & Flails | |  1.7
Dodging        | |  2.4

Action                   |  1- 3 |  4- 6 || total
-------------------------+-------+-------++-------
Melee: Unarmed           |    31 |    25 ||    56
  Use: Scroll            |     1 |     1 ||     2
 Stab: Paralysed         |     1 |       ||     1
  Eat: Chunk             |     5 |     1 ||     6
Armor: Robe              |     9 |     3 ||    12
Dodge: Dodged            |    14 |     7 ||    21
Block: Shield            |    20 |    15 ||    35
